 Dungeon Crawl Stone Soup version 0.24-a0-417-g1cce26a4d2 (webtiles) character file.

Game seed: 7328788637759609900

2555 Flugkiller the Poker (level 9, -3/86 HPs)
             Began as a Naga Gladiator on June 10, 2019.
             Was a Believer of Okawaru.
             Slain by a killer bee (4 damage)
             ... on level 6 of the Dungeon.
             The game lasted 00:20:08 (9023 turns).

Flugkiller the Poker (Naga Gladiator)               Turns: 9023, Time: 00:20:08

Health: -3/86      AC: 10    Str: 19    XL:     9   Next: 56%
Magic:  11/11      EV:  6    Int:  8    God:    Okawaru [**....]
Gold:   352        SH:  0    Dex: 14    Spells: 8/8 levels left

rFire    . . .     SeeInvis +   a - +4 trident
rCold    + + .     Gourm    .   (no shield)
rNeg     . . .     Faith    .   C - +0 chain mail
rPois    +         Spirit   .   c - +1 helmet
rElec    +         Reflect  .   (no cloak)
rCorr    +         Harm     .   (no gloves)
MR       +....                  (no barding)
Stlth    ..........             (no amulet)
HPRegen  0.24/turn              e - ring of flight
MPRegen  0.12/turn              B - ring of ice

@: resistant, very slow
A: large, see invisible, deformed body, poison resistance, slowness 2, slow
metabolism 1, spit poison 1, AC +3
a: Spit Poison, Heroism, Renounce Religion, Evoke Flight


You were on level 6 of the Dungeon.
You worshipped Okawaru.
Okawaru was pleased with you.
You were not hungry.

You visited 1 branch of the dungeon, and saw 9 of its levels.

You collected 352 gold pieces.

Inventory:

Hand Weapons
 a - a +4 trident (weapon)
   (You took it off an orc priest on level 6 of the Dungeon)
 b - a +3 shortbow
   (You took it off a centaur on level 5 of the Dungeon)
Missiles
 d - a throwing net (quivered)
 j - 4 boomerangs
 o - 3 silver boomerangs
 u - 17 poisoned darts
 z - 115 arrows
Armour
 c - a +1 helmet (worn)
 y - a +0 ring mail of cold resistance
   (You found it on level 5 of the Dungeon)
 C - a +0 chain mail (worn)
   (You took it off an orc on level 6 of the Dungeon)
Jewellery
 e - a ring of flight (left hand)
   (You found it on level 1 of the Dungeon)
 w - a cursed -2 ring of intelligence
   (You found it on level 6 of the Dungeon)
 B - a ring of ice (right hand)
   (You took it off an orc warrior on level 6 of the Dungeon)
Wands
 q - a wand of random effects (16)
   (You found it on level 2 of the Dungeon)
 v - a wand of disintegration (4)
   (You found it on level 5 of the Dungeon)
 A - a wand of digging (5)
   (You found it on level 6 of the Dungeon)
Scrolls
 i - 3 scrolls of enchant weapon
 k - a scroll of identify
 l - 5 scrolls of remove curse
 n - a scroll of amnesia
 r - 6 scrolls of immolation
 t - a scroll of holy word {unknown}
Potions
 g - a potion of mutation {unknown}
 m - a potion of magic
 p - 2 potions of cancellation
 s - a potion of flight
Comestibles
 f - 8 rations
 E - a chunk of flesh


   Skills:
 + Level 7.2 Fighting
 + Level 7.6 Polearms
 + Level 5.0 Throwing
 + Level 4.1 Armour
 - Level 2.4 Dodging
 - Level 3.0 Invocations


You had 8 spell levels left.
You didn't know any spells.
Your spell library contained the following spells:

 Spells                   Type           Power        Failure   Level  Hunger
 Throw Flame              Conj/Fire      #.....       100%        2    ###....
 Dazzling Spray           Conj/Hex       #.....       100%        3    ####...
 Irradiate                Conj/Tmut      #.........   100%        5    ######.
 Deflect Missiles         Chrm/Air       #.........   100%        6    #######


Dungeon Overview and Level Annotations

Branches:
Dungeon (9/15)             Temple (0/1) D:5
   Lair: D:8-11         Orc: D:9-12

Altars:
Hepliaklqana
Okawaru
Sif Muna

Annotations:
D:8 Psyche


Innate Abilities, Weirdness & Mutations

You cannot wear boots.
Your serpentine skin is tough. (AC +3)
You have supernaturally acute eyesight. (SInv)
Armour fits poorly on your strangely shaped body.
Your system is resistant to poisons. (rPois)
You cover ground very slowly.
You have a slow metabolism.
You can spit poison.


Message History

You feel sick. The killer bee barely misses you.
The killer bee stings you but does no damage. x2
The killer bee stings you.
* * * LOW HITPOINT WARNING * * *
The killer bee stings you but does no damage.
The killer bee barely misses you.
The killer bee stings you but does no damage.
The killer bee stings you.
* * * LOW HITPOINT WARNING * * *
You are more poisoned.
The killer bee poisons you!
Okay, then.
Okay, then.
Okay, then.
You feel better.
The killer bee stings you but does no damage. x4
The killer bee stings you.
* * * LOW HITPOINT WARNING * * *
The killer bee stings you.
* * * LOW HITPOINT WARNING * * *
The killer bee barely misses you. x2
Okay, then.
Unknown command.
You fail to use your ability.
The killer bee stings you but does no damage. x2
The killer bee barely misses you.
The killer bee stings you but does no damage.
The killer bee stings you.
* * * LOW HITPOINT WARNING * * *
The killer bee barely misses you. The killer bee stings you.
* * * LOW HITPOINT WARNING * * *
The killer bee stings you but does no damage.
You closely miss the killer bee. The killer bee barely misses you.
The killer bee closely misses you. The killer bee stings you.
* * * LOW HITPOINT WARNING * * *
The killer bee stings you.
* * * LOW HITPOINT WARNING * * *
The killer bee stings you.
* * * LOW HITPOINT WARNING * * *
The killer bee stings you but does no damage.
The killer bee stings you.
* * * LOW HITPOINT WARNING * * *
As you read the scroll labeled LYD YKOAD JYDU, it crumbles to dust.
You feel momentarily disoriented.
It was a scroll of magic mapping.
The killer bee completely misses you.
The killer bee stings you but does no damage. x2
The killer bee closely misses you. The killer bee stings you.
* * * LOW HITPOINT WARNING * * *
The killer bee stings you.
You die...

### ##### ####### ### ##.##
#...###...... ##.## ##.#.##
##............ ####.#.####.###y##
#........##### ....###....##
##@####...##### ## .#.##
##....###yyy.......# ##.
.##.###.###..#.#####.....######.#
.....#.####.#.## #.............##
#####.####....## #.#....#..##.#.#
...##.##.......# #.#.##..........
##.##.##.#..##.# #.#.########.###
##.##.##.#..##.# #....#### #.# #
##......)...##.# #.......# #.###


You could see 4 killer bees.

Vanquished Creatures
  A wyvern (D:9)
  2 water moccasins
  An orc warrior (D:6)
  2 ice beasts (D:6)
  3 ogres
  4 phantoms
  5 centaurs
  A bullfrog (D:7)
  A howler monkey (D:6)
  A centaur zombie (D:6)
  A gnoll shaman (D:4)
  3 hounds
  A centaur skeleton (D:5)
  2 orc priests (D:6)
  2 bullfrog skeletons
  An iguana (D:5)
  3 orc wizards
  4 worker ants
  A hound zombie (D:5)
  12 gnolls
  8 adders
  A shadow imp (D:5)
  An adder skeleton (D:6)
  4 worms
  3 dart slugs
  2 leopard geckos (D:1)
  12 orcs
  4 giant cockroaches
  10 goblins
  3 hobgoblins
  7 jackals
  3 quokkas
  5 ball pythons
  11 bats
  6 frilled lizards
  8 kobolds
  A leopard gecko zombie (D:4)
  11 rats
151 creatures vanquished.

Vanquished Creatures (others)
  A quokka (D:7)
1 creature vanquished.

Grand Total: 152 creatures vanquished

Notes
Turn   | Place    | Note
-------+----------+-------------------------------------------
     0 | D:1      | Flugkiller the Naga Gladiator began the quest for the Orb.
     0 | D:1      | Reached XP level 1. HP: 19/19 MP: 1/1
   141 | D:1      | Reached XP level 2. HP: 13/27 MP: 2/2
   543 | D:1      | Reached XP level 3. HP: 33/33 MP: 3/3
  1388 | D:2      | Reached XP level 4. HP: 34/42 MP: 4/4
  1662 | D:2      | Found a deep blue altar of Sif Muna.
  1958 | D:3      | Reached XP level 5. HP: 36/50 MP: 5/5
  2812 | D:3      | Found a hazy altar of Hepliaklqana.
  2814 | D:3      | Found an iron altar of Okawaru.
  2969 | D:4      | Reached skill level 5 in Polearms
  2969 | D:4      | Reached XP level 6. HP: 52/58 MP: 6/6
  3408 | D:4      | Reached skill level 5 in Fighting
  3771 | D:3      | Became a worshipper of Warmaster Okawaru
  4123 | D:5      | Entered Level 5 of the Dungeon
  4127 | D:5      | Found a staircase to the Ecumenical Temple.
  4129 | D:5      | Noticed a phantom
  4304 | D:5      | Reached XP level 7. HP: 5/67 MP: 7/7
  4698 | D:5      | Reached skill level 1 in Armour
  5992 | D:5      | Reached XP level 8. HP: 27/76 MP: 8/8
  6629 | D:6      | You fall into a shaft and drop 3 floors!
  6636 | D:9      | Reached * piety under Okawaru
  6707 | D:9      | Identified the Papyrus of Damaging Augmentations
  6710 | D:9      | Noticed a wyvern
  6738 | D:9      | Killed a wyvern
  7348 | D:8      | Noticed Psyche
  7476 | D:6      | Reached XP level 9. HP: 47/85 MP: 7/9
  7674 | D:6      | Reached skill level 1 in Invocations
  8845 | D:7      | Reached ** piety under Okawaru
  8863 | D:6      | Reached skill level 5 in Throwing
  9022 | D:6      | HP: 3/86 [killer bee (2)]
  9023 | D:6      | HP: 1/86 [killer bee (2)]
  9023 | D:6      | Slain by a killer bee

Levels and vault maps discovered:
D:1:      minmay_arrival_nine_rooms, layout_loops_cross, serial_glass,
          glass_columns_c, glass_columns_a, glass_columns_c, glass_columns_a
D:2:      layout_rooms, led_sif_pool, first_ration
D:3:      layout_loops_cross, nicolae_overflow_hidden_temple,
          minmay_misc_feat_roman, minmay_misc_feat_ornament
D:4:      layout_basic
D:5:      layout_loops_ring, minmay_temple_entry_ruins
D:6:      layout_loops_ring, minmay_misc_feat_tower
D:7:      layout_gridville, elyvilon_altar_4
D:8:      layout_loops_ring, yredelemnul_forgotten_temple_becter,
          gup_ossuary_entry_pyramid, uniq_psyche
D:9:      layout_rooms, chequers_temple_overflow_statue_of_worship

Skill      XL: |  1  2  3  4  5  6  7  8  9 |
---------------+----------------------------+-----
Fighting       | 3 4 5 6 7 |  7.2
Polearms       | 4 5 6 7 |  7.6
Throwing       | 2 3 4 5 |  5.0
Armour         | 2 3 4 |  4.1
Invocations    | 3 |  3.0
Dodging        | |  2.4

Action                   |  1- 3 |  4- 6 |  7- 9 || total
-------------------------+-------+-------+-------++-------
Melee: Trident           |   110 |   161 |   332 ||   603
       Unarmed           |       |    26 |       ||    26
       Punch             |       |       |     2 ||     2
 Fire: Shortbow          |       |       |    23 ||    23
Throw: Throwing net      |       |     3 |     5 ||     8
       Boomerang         |       |     1 |     3 ||     4
       Dart              |       |       |     3 ||     3
Invok: Heroism           |       |       |     6 ||     6
 Abil: Spit Poison       |     8 |    26 |    10 ||    44
Evoke: Wand              |       |     8 |     8 ||    16
  Use: Potion            |       |     9 |     4 ||    13
       Scroll            |       |     6 |     6 ||    12
 Stab: Sleeping          |     1 |     1 |       ||     2
       Invisible         |       |     4 |       ||     4
       Paralysed         |       |     1 |       ||     1
       Held in net/web   |       |       |     1 ||     1
       Distracted        |       |       |     1 ||     1
  Eat: Chunk             |     1 |     8 |     7 ||    16
       Ration            |       |       |     2 ||     2
Armor: Leather armour    |    37 |    30 |    20 ||    87
       Skin              |       |    76 |       ||    76
       Ring mail         |       |       |    45 ||    45
       Chain mail        |       |       |    78 ||    78
Dodge: Dodged            |    56 |    86 |   147 ||   289

Table legend:
 A = Non-vault XP
 B = Vault XP
 C = Vault XP percentage of total XP
 D = Non-vault monster count
 E = Vault monster count
 F = Vault count percentage of total count
                 A         B        C        D         E       F
            +---------+---------+-------+---------+---------+-------
      Total |    3650 |       0 |   0.0 |     151 |       0 |   0.0
            +---------+---------+-------+---------+---------+-------
        D:1 |      55 |       0 |   0.0 |      31 |       0 |   0.0
        D:2 |      46 |       0 |   0.0 |      16 |       0 |   0.0
        D:3 |     194 |       0 |   0.0 |      31 |       0 |   0.0
        D:4 |     254 |       0 |   0.0 |      16 |       0 |   0.0
        D:5 |     747 |       0 |   0.0 |      17 |       0 |   0.0
        D:6 |    1425 |       0 |   0.0 |      32 |       0 |   0.0
        D:7 |     255 |       0 |   0.0 |       2 |       0 |   0.0
        D:8 |     116 |       0 |   0.0 |       1 |       0 |   0.0
        D:9 |     558 |       0 |   0.0 |       5 |       0 |   0.0
            +---------+---------+-------+---------+---------+-------
